 Dungeon Crawl Stone Soup version 0.31-a0-222-gefeffbb62a (webtiles) character file.

Game seed: 3314692026704727068

35 protoss039 the Digger (level 3, 26/26 HPs)
             Began as a Demonspawn Earth Elementalist on July 5, 2023.
             Got out of the dungeon alive.
             The game lasted 00:01:43 (1417 turns).

protoss039 the Digger (DsEE)                        Turns: 1417, Time: 00:01:43

Health: 26/26      AC:  3    Str:  8    XL:     3   Next: 17%
Magic:  6/6        EV: 11    Int: 18    God:
Gold:   78         SH:  0    Dex: 13    Spells: 3/6 levels left

rFire   . . .        d - +0 dagger
rCold   . . .        (no shield)
rNeg    . . .        i - +0 leather armour
rPois   .            (no helmet)
rElec   .            (no cloak)
rCorr   .            (no gloves)
SInv    .            (no boots)
Will    .....        (no amulet)
Stlth   ++           (no ring)
HPRegen 0.24/turn    (no ring)
MPRegen 0.20/turn

%: no passive effects
@: no status effects
A: magic regeneration, demonic magic 1
a: no special abilities


You escaped.
You visited 1 branch of the dungeon, and saw 2 of its levels.

You collected 78 gold pieces.

Inventory:

Hand Weapons
 d - a +0 dagger (weapon)
Armour
 i - a +0 leather armour (worn)
Scrolls
 a - a scroll of fear {unknown}
 f - a scroll of vulnerability {unknown}
 g - a scroll of blinking {unknown}
 h - a scroll of fog {unknown}
 k - a scroll of butterflies {unknown}
Potions
 b - 2 potions of magic
 c - 2 potions of curing {unknown}
 e - a potion of degeneration {unknown}
 j - a potion of attraction {unknown}


   Skills:
 + Level 1.4 Fighting
 - Level 1.7 Dodging
 - Level 1.7 Stealth
 + Level 2.4 Spellcasting
 - Level 1.0 Transmutations
 + Level 3.1 Earth Magic


You had 3 spell levels left.
You knew the following spells:

 Your Spells              Type           Power      Damage    Failure   Level
a - Sandblast             Erth           26%        2d8       7%          1
b - Passwall              Tmut/Erth      7%         N/A       16%         2

Your spell library contained the following spells:

 Spells                   Type           Power      Damage    Failure   Level
 Stone Arrow              Conj/Erth      14%        3d7       36%         3
 Petrify                  Tmut/Erth      9%         N/A       71%         4


Dungeon Overview and Level Annotations

Branches:
Dungeon (2/15) Zot: 10568

Altars:


Innate Abilities, Weirdness & Mutations

You regenerate magic rapidly.
Spells you cast may paralyse adjacent enemies.


Message History

Aim: an adder (70% to hit)
The blast of sand misses the adder.
Malevolent energies surge around you.
The adder suddenly stops moving!
The helpless adder fails to defend itself.
You hit the adder.
The adder is heavily wounded.
The adder is no longer paralysed.
The adder closely misses you.
Unknown command.
Casting: Sandblast (safe; 9% risk of failure)
Confirm with . or Enter, or press ? or * to list all spells.
Aiming: Sandblast (safe; 9% risk of failure)
Press: ? - help, Shift-Dir - straight line, f/p - adder
Aim: an adder (heavily wounded, 70% to hit)
The blast of sand hits the adder.
You kill the adder!
Malevolent energies surge around you.
Training target 1.0 for Transmutations reached!
Your Transmutations skill increases to level 1!
You have reached level 3!
Your experience leads to an increase in your attributes!
Increase (S)trength, (I)ntelligence, or (D)exterity?
You feel clever. x2; Your demonic ancestry asserts itself...
Your magic begins to regenerate rapidly.
Unknown command.
There is an escape hatch in the floor here.
There is an open door here.
You open the door.
There is an open door here.
There is an open door here.
There is an open door here.
You see here a +0 leather armour.
You see here a +0 ring mail.
There is a stone staircase leading up here.
You climb upwards.
There is a stone staircase leading down here.
You can't go up here!
There is an empty arch of ancient stone here.
There is a staircase leading out of the dungeon here.
Are you sure you want to leave the Dungeon?
This will make you lose the game!
You have escaped!

.......# #.#..PPP..#.#.#.#####
.......# #...P♣8.P.#.#........
.......# ##....PP♣PP#.###.#####
..)....# ##.......PP.#..........
#....).# ##..........∩#####.#####
#......###...P.......## #.#
#........∩...PP.......# #÷#
#..........PP.♣P.PPPP.# #.#
#........PP♣P♣♣P@..♣8P# #.#
.......#..PPP8P♣PP.PP.# #.#
............P...PP.P..# #.#
.....###.......P.....######.#####
.....# ##........................
.....# ###.....##...............
.....#######....###..............
######..........###.............>
#................###..####.#


There were no monsters in sight!

Vanquished Creatures
  An adder (D:2)
  A dart slug (D:1)
  A ball python (D:1)
  2 bats (D:1)
  An endoplasm (D:1)
  A giant cockroach (D:2)
  3 goblins (D:1)
  A hobgoblin (D:1)
  2 jackals (D:1)
  A quokka (D:1)
  A frilled lizard (D:1)
  4 kobolds
  3 rats (D:1)
22 creatures vanquished.

Notes
Turn   | Place    | Note
-------+----------+-------------------------------------------
     0 | D:1      | protoss039 the Demonspawn Earth Elementalist began the
                  | quest for the Orb.
     0 | D:1      | Reached XP level 1. HP: 13/13 MP: 3/3
   402 | D:1      | Gained mutation: Spells you cast may paralyse adjacent
                  | enemies. [demonic ancestry]
   402 | D:1      | Reached XP level 2. HP: 20/20 MP: 5/5
   430 | D:1      | Reached skill level 1 in Fighting
   443 | D:1      | Reached skill level 3 in Earth Magic
   901 | D:1      | Learned a level 2 spell: Passwall
  1288 | D:2      | Reached skill level 1 in Transmutations
  1288 | D:2      | Gained mutation: You regenerate magic rapidly. [demonic
                  | ancestry]
  1288 | D:2      | Reached XP level 3. HP: 26/26 MP: 3/6
  1417 | D:$      | Got out of the dungeon alive.

Illustrated notes

Levels and vault maps discovered:
D:1:      spicycebolla_arrival_clurvy, layout_basic
D:2:      layout_loops_ring, serial_shops, nicolae_shop_real_fake_doors,
          nicolae_hexahallways

Skill      XL: |  1  2 |
---------------+-------+-----
Fighting       | 1 |  1.4
Earth Magic    | 3 |  3.1
Transmutations | 1 |  1.0
Dodging        | |  1.7
Stealth        | |  1.7
Spellcasting   | |  2.4

Action                     || total
---------------------------++-------
  Melee: Dagger            ||    29
   Cast: Sandblast         ||    29
   Stab: Paralysed         ||     5
 Armour: Robe              ||     6
         Leather armour    ||     3
  Dodge: Dodged            ||    22

Table legend: (Time is in decaauts)
 A = Elapsed time spent in this place.
 B = Non-inter-level travel time spent in this place.
 C = Inter-level travel time spent in this place.
 D = Time resting spent in this place.
 E = Time spent auto-exploring this place.
 F = Levels seen in this place.
 G = Mean time per level.
                   A        B        C        D        E       F      G
               +--------+--------+--------+--------+--------+-----+--------+
         Total |   1431 |   1262 |    169 |     54 |   1024 |   2 |  715.5 |
       Dungeon |   1431 |   1262 |    169 |     54 |   1024 |   2 |  715.5 |
               +--------+--------+--------+--------+--------+-----+--------+

Top non-repeatable levels by time:
     D:1: 968 daAuts
     D:2: 462 daAuts
